 Dungeon Crawl Stone Soup version 0.26.0-10-g1f06aea511 (webtiles) character file.

Game seed: 15278202785378900555

31 inc the Vexing (level 3, -2/14 HPs)
             Began as a Felid Enchanter on Jan 29, 2021.
             Slain by an adder (3 damage)
             ... on level 1 of the Dungeon.
             The game lasted 00:02:04 (2327 turns).

inc the Vexing (Felid Enchanter)                    Turns: 2327, Time: 00:02:05

Health: -2/14      AC:  1    Str:  4    XL:     3   Next: 7%
Magic:  3/7        EV: 18    Int: 16    God:
Gold:   36         SH:  0    Dex: 17    Spells: 3/6 levels left
                                        Lives:  0   Deaths: 0

rFire    . . .     SeeInvis +     - Unarmed
rCold    . . .     Faith    .   (shield unavailable)
rNeg     . . .     Spirit   .   (armour unavailable)
rPois    .         Reflect  .   (helmet unavailable)
rElec    .         Harm     .   (cloak unavailable)
rCorr    .         Rampage  .   (gloves unavailable)
Will     .....                  (boots unavailable)
Stlth    +++.......             (no amulet)
HPRegen  0.04/turn              (no ring)
MPRegen  0.10/turn              (no ring)

@: lethally poisoned (-2 -> -7), flying, quick
A: very small, no armour, no weapons or thrown items, stealth, claws 1, fangs 3,
see invisible, speed 1, shaggy fur 1, sharp paws
a: no special abilities


You were on level 1 of the Dungeon.
You visited 1 branch of the dungeon, and saw 2 of its levels.

You collected 36 gold pieces.

Inventory:

Scrolls
 a - a scroll of amnesia {unknown}


   Skills:
 - Level 2.6 Dodging
 - Level 4.0 Stealth
 + Level 3.1 Unarmed Combat
 - Level 2.0 Spellcasting
 - Level 4.4 Hexes


You had 3 spell levels left.
You knew the following spells:

 Your Spells              Type           Power        Failure   Level
a - Corona                Hex            16%          3%          1
b - Ensorcelled Hibernat  Hex/Ice        16%          13%         2

Your spell library contained the following spells:

 Spells                   Type           Power        Failure   Level
 Confusing Touch          Hex            15%          11%         3
 Tukima's Dance           Hex            15%          11%         3
 Dazzling Flash           Conj/Hex       16%          26%         3


Dungeon Overview and Level Annotations

Branches:
Dungeon (2/15)

Altars:
The Shining One


Innate Abilities, Weirdness & Mutations

You cannot wear armour.
You are incapable of wielding weapons or throwing items.
Your paws allow you to move quietly. (Stealth)
You have sharp claws.
You have razor-sharp teeth.
You have supernaturally acute eyesight. (SInv)
You cover ground quickly.
You are covered in fur. (AC +1)
Your sharp claws are effective at attacking unaware monsters.


Message History

The adder completely misses you.
You feel sick. The adder closely misses you.
Your magical contamination has completely faded away.
You feel sick.
There is a stone staircase leading up here.
The adder completely misses you. x2
You fly upwards.
There is a stone staircase leading down here.
You scratch the adder but do no damage. The adder completely misses you.
You scratch the adder.
The adder is moderately wounded.
You feel sick. The adder misses you.
You closely miss the adder. You bite the adder, but do no damage.
The adder is moderately wounded.
The adder bites you.
* * * LOW HITPOINT WARNING * * *
You miss the adder.
The adder is moderately wounded.
The adder bites you.
You die...

######.# #......#
#......# #......#
#......# ######'##
#.......#
#####.......######
#@S.'.......+.....
#####.......#####.
#.......# #.
#.......# #)
#.......# #.
#.......# #.
#######.......# #.
#.............# #.
#.#########.### #.


You could see an adder.

Vanquished Creatures
  An adder (D:2)
  3 bats
  2 giant cockroaches (D:1)
  3 goblins (D:1)
  4 hobgoblins
  2 frilled lizards (D:1)
  2 kobolds (D:1)
  5 rats
22 creatures vanquished.

Notes
Turn   | Place    | Note
-------+----------+-------------------------------------------
     0 | D:1      | inc the Felid Enchanter began the quest for the Orb.
     0 | D:1      | Reached XP level 1. HP: 7/7 MP: 4/4
  1035 | D:1      | Reached XP level 2. HP: 2/11 MP: 3/6
  1091 | D:2      | Learned a level 2 spell: Ensorcelled Hibernation
  2180 | D:1      | Found a glowing golden altar of the Shining One.
  2276 | D:2      | Reached XP level 3. HP: 14/14 MP: 7/7
  2327 | D:1      | Slain by an adder

Illustrated notes

Levels and vault maps discovered:
D:1:      onia_arrival_mini_spirals, layout_basic, minmay_misc_feat_chi,
          tso_metal_star
D:2:      layout_basic

Skill      XL: |  1  2 |
---------------+-------+-----
Unarmed Combat | 2 3 |  3.1
Dodging        | |  2.6
Stealth        | |  4.0
Spellcasting   | |  2.0
Hexes          | |  4.4

Action                   || total
-------------------------++-------
Melee: Unarmed           ||    75
       Bite              ||     6
 Cast: Corona            ||     8
       Ensorcelled Hiber ||    13
  Use: Potion            ||     1
 Stab: Sleeping          ||    10
Armor: Skin              ||     3
Dodge: Dodged            ||    64
